 Dungeon Crawl Stone Soup version 0.28.0 (webtiles) character file.

Game seed: 724561354754818347

175 chmiii the Chucker (level 5, -9/53 HPs)
             Began as a Troll Hunter on Feb 9, 2022.
             Mangled by an ogre (13 damage)
             ... on level 4 of the Dungeon.
             The game lasted 00:08:45 (2418 turns).

chmiii the Chucker (Troll Hunter)                   Turns: 2418, Time: 00:08:46

Health: -9/53      AC:  4    Str: 22    XL:     5   Next: 29%
Magic:  4/4        EV:  9    Int:  7    God:
Gold:   157        SH:  0    Dex: 10    Spells: 4/4 levels left

rFire   . . .      SeeInvis .   (no weapon)
rCold   . . .      Faith    .   (no shield)
rNeg    . . .      Spirit   .   b - +0 robe
rPois   .          Reflect  .   (helmet restricted)
rElec   .          Harm     .   (no cloak)
rCorr   .          Rampage  .   (gloves unavailable)
Will    .....                   (boots unavailable)
Stlth   +.........              (no amulet)
HPRegen 0.97/turn               (no ring)
MPRegen 0.09/turn               (no ring)

@: no status effects
A: large, unfitting armour, claws 3, regeneration 1, shaggy fur 1, tough skin 1
a: no special abilities


You were on level 4 of the Dungeon.
You visited 1 branch of the dungeon, and saw 4 of its levels.

You collected 157 gold pieces.

Inventory:

Missiles
 d - 2 throwing nets (quivered)
 f - 63 sling bullets
Armour
 b - a +0 robe (worn)
Scrolls
 a - a scroll of fear {unknown}
 e - a scroll of enchant armour {unknown}
 i - 3 scrolls of identify {unknown}
 l - a scroll of fog {unknown}
 m - 2 scrolls of blinking {unknown}
Potions
 g - a potion of brilliance {unknown}
 h - a potion of degeneration {unknown}
 j - a potion of curing
 k - 2 potions of might {unknown}
 n - a potion of attraction {unknown}


   Skills:
 * Level 3.1 Fighting
 + Level 1.8 Maces & Flails
 + Level 4.1 Throwing
 + Level 1.7 Armour
 - Level 1.5 Dodging
 - Level 0.3 Stealth


You had 4 spell levels left.
You didn't know any spells.
Your spell library contained the following spells:

 Spells                   Type           Power      Damage    Failure   Level
 Static Discharge         Conj/Air       0%         N/A       56%         2
 Gell's Gravitas          Tloc           0%         N/A       80%         3
 Teleport Other           Tloc           0%         N/A       80%         3
 Dispel Undead            Necr           0%         3d6       99%         4
 Sticky Flame             Conj/Fire      0%         2d3       99%         4
 Summon Forest            Summ/Tloc      0%         N/A       100%        5
 Dispersal                Tloc           0%         N/A       100%        6
 Eringya's Noxious Bog    Tmut/Pois      0%         N/A       100%        6
 Summon Hydra             Summ           0%         N/A       100%        7


Dungeon Overview and Level Annotations

Branches:
Dungeon (4/15)
 Temple: D:4-7

Altars:
Kikubaaqudgha


Innate Abilities, Weirdness & Mutations

You are too large for most types of armour.
You have claws for hands.
Your natural rate of healing is unusually fast.
You are covered in fur. (AC +1)
You have tough skin. (AC +1)


Message History

Aim: an ogre, wielding a +0 giant club (74% to hit)
You throw a large rock. The large rock barely misses the ogre.
The large rock barely misses the adder.
The orc hits you with a +0 falchion. x2
Throw: 3 large rocks
Press: ? - help, Q - select action, (/) - cycle Shift-Dir - straight line, f/p - ogre
Aim: an ogre, wielding a +0 giant club (74% to hit)
You throw a large rock. The large rock barely misses the ogre.
The large rock closely misses the adder.
The orc hits you with a +0 falchion. The orc hits you but does no damage.
Throw: 2 large rocks
Press: ? - help, Q - select action, (/) - cycle Shift-Dir - straight line, f/p - ogre
Aim: an ogre, wielding a +0 giant club (74% to hit)
You throw a large rock. The large rock hits the ogre!
The ogre is heavily wounded.
The orc hits you with a +0 falchion. The ogre barely misses you.
The orc hits you with a +0 falchion!
Throw: large rock
Press: ? - help, Q - select action, (/) - cycle Shift-Dir - straight line, f/p - ogre
Aim: an ogre, wielding a +0 giant club (heavily wounded, 74% to hit)
You throw a large rock. The large rock barely misses the ogre.
The large rock closely misses the adder.
The ogre hits you with a +0 giant club!!
The orc closely misses you. The ogre closely misses you.
The orc hits you with a +0 falchion.
You scratch the ogre.
The ogre is severely wounded.
The orc barely misses you.
You scratch the ogre.
The ogre is severely wounded.
The ogre barely misses you. The orc closely misses you.
You barely miss the ogre.
The ogre is severely wounded.
The ogre hits you with a +0 giant club!
* * * LOW HITPOINT WARNING * * *
The orc closely misses you.
You scratch the ogre.
The ogre is severely wounded.
The ogre hits you with a +0 giant club!
You die...

.##..###.##
..........####'##
###..###.#..#...#
.....# #.#..#8.8
.##.####.#..#.o.
#......#..##.#
########..##'#
..........##o#######..
.......(....oo@OS....(
...######.##########..
# #.# #.# #.# #.# #.#
..# ...


You could see an ogre, an adder and 3 orcs.

Vanquished Creatures
  A scorpion (D:2)
  An iguana (D:3)
  2 adders (D:2)
  4 worms
  A dart slug (D:1)
  An orc (D:4)
  4 ball pythons
  6 bats
  6 endoplasms
  5 hobgoblins
  10 jackals
  2 quokkas
  A frilled lizard (D:3)
  4 goblins
  4 kobolds
  5 rats
57 creatures vanquished.

Vanquished Creatures (others)
  A human (D:3)
  A fungus (D:2)
  5 toadstools (D:1)
7 creatures vanquished.

Grand Total: 64 creatures vanquished

Notes
Turn   | Place    | Note
-------+----------+-------------------------------------------
     0 | D:1      | chmiii the Troll Hunter began the quest for the Orb.
     0 | D:1      | Reached XP level 1. HP: 19/19 MP: 0/0
   158 | D:1      | Reached XP level 2. HP: 14/28 MP: 1/1
   512 | D:1      | Reached XP level 3. HP: 35/35 MP: 2/2
   878 | D:2      | Reached skill level 1 in Maces & Flails
   884 | D:2      | Found Cixonn's Book Shop.
   994 | D:2      | Noticed a scorpion
  1032 | D:2      | Reached skill level 1 in Armour
  1057 | D:2      | Killed a scorpion
  1058 | D:2      | Reached skill level 4 in Throwing
  1058 | D:2      | Reached XP level 4. HP: 44/44 MP: 3/3
  1467 | D:2      | Found a faded altar of an unknown god.
  1666 | D:3      | Found an ancient bone altar of Kikubaaqudgha.
  1666 | D:3      | Noticed a human
  1670 | D:3      | Killed a human
  1684 | D:3      | Reached XP level 5. HP: 50/52 MP: 4/4
  2409 | D:4      | Noticed an ogre
  2418 | D:4      | Mangled by an ogre

Illustrated notes

Levels and vault maps discovered:
D:1:      ldierk_walled_garden, layout_loops_ring
D:2:      layout_loops_ring, serial_shops, shop_statue,
          dreamdust_ecumenical_altar_hidden_monk_grotto, grunt_decor_resistance,
          minivault_24, hex_large
D:3:      layout_basic, tgw_kikubaaqudgha
D:4:      layout_basic, minmay_temple_entry_nine_rooms, minivault_14,
          serial_park_tiny_pond, pf_guarded_unrand_delatra, uniq_eustachio

Skill      XL: |  1  2  3  4  5 |
---------------+----------------+-----
Fighting       | 2 3 |  3.1
Maces & Flails | 1 |  1.8
Armour         | 1 |  1.7
Throwing       | 4 |  4.1
Dodging        | |  1.5
Stealth        | |  0.3

Action                   |  1- 3 |  4- 6 || total
-------------------------+-------+-------++-------
Melee: Short sword       |   157 |     3 ||   160
       Unarmed           |       |    77 ||    77
Throw: Large rock        |     1 |     5 ||     6
 Stab: Sleeping          |       |     1 ||     1
Armor: Robe              |    85 |    14 ||    99
Dodge: Dodged            |    86 |    41 ||   127
